 Seeded DCSS version 0.26-a0-264-g3a47132 (webtiles) character file.

Game seed: 1679152689888223791 (custom seed)

106 brinewave the Chiller (level 4, -10/39 HPs)
             Began as a Deep Dwarf Ice Elementalist on July 13, 2020.
             Mangled by an ogre
             ... wielding a +0 giant club
              (12 damage)
             ... on level 3 of the Dungeon.
             The game lasted 00:15:20 (1898 turns).

brinewave the Chiller (Deep Dwarf Ice Elementalist) Turns: 1898, Time: 00:15:20

Health: -10/39     AC:  3    Str: 13    XL:     4   Next: 55%
Magic:  5/5        EV: 12    Int: 15    God:
Gold:   87         SH:  5    Dex: 13    Spells: 6/7 levels left

rFire    + . .     SeeInvis .   g - +0 short sword
rCold    . . .     Faith    .   (no shield)
rNeg     . . .     Spirit   .   m - +1 robe {rF+}
rPois    .         Reflect  +   (no helmet)
rElec    .         Harm     .   (no cloak)
rCorr    .                      (no gloves)
MR       .....                  (no boots)
Stlth    ++........             p - amulet of reflection
HPRegen  0.00/turn              (no ring)
MPRegen  0.09/turn              (no ring)

@: non-regenerating
A: damage resistance, heal wounds, sense surroundings 1, no regeneration
a: Heal Wounds


You were on level 3 of the Dungeon.
You were not hungry.

You visited 1 branch of the dungeon, and saw 3 of its levels.

You collected 87 gold pieces.

Inventory:

Hand Weapons
 d - a +0 dagger
 e - a +0 hunting sling
 g - a +0 short sword (weapon)
 n - a +0 spear
Missiles
 b - 123 stones (quivered)
 i - 26 arrows
 t - 10 poisoned darts
Armour
 a - a +0 robe
 f - a +0 leather armour
 m - a +1 robe of fire resistance (worn)
Jewellery
 k - a cursed ring of teleportation
 p - an amulet of reflection (around neck)
Scrolls
 h - 3 scrolls of teleportation
 j - 4 scrolls of remove curse
 s - a scroll of amnesia {unknown}
Potions
 l - a potion of mutation {unknown}
 o - a potion of might {unknown}
 q - a potion of stabbing {unknown}
Comestibles
 c - 13 rations


   Skills:
 + Level 2.2 Fighting
 + Level 2.2 Short Blades
 - Level 2.1 Dodging
 - Level 2.4 Stealth
 - Level 2.1 Spellcasting
 - Level 3.8 Ice Magic


You had 6 spell levels left.
You knew the following spells:

 Your Spells              Type           Power        Failure   Level
a - Freeze                Ice            ##..         4%          1

Your spell library contained the following spells:

 Spells                   Type           Power        Failure   Level
 Frozen Ramparts          Ice            ##....       14%         3
 Ozocubu's Armour         Chrm/Ice       #.......     30%         3
 Hailstorm                Conj/Ice       #.......     69%         4
 Summon Ice Beast         Ice/Summ       #.......     69%         4


Dungeon Overview and Level Annotations

Branches:
Dungeon (3/15)

Altars:

Annotations:
D:3 2 runed translucent doors, lyrin's ghost, amateur DDIE


Innate Abilities, Weirdness & Mutations

You are resistant to damage.
You can heal yourself by infusing magical energy.
You passively map a small area around you.
You do not regenerate.


Message History

An ogre comes into view. It is wielding a +0 giant club.
A leopard gecko comes into view.
The leopard gecko hisses angrily.
Things that are here:
a +0 whip; a +0 dagger; a +0 ring mail
There is a stone staircase leading up here.
The ogre barely misses you.
You climb upwards.
There is a stone staircase leading down here.
The ogre hits you with a +0 giant club!
* * * LOW HITPOINT WARNING * * *
You climb downwards.
Level annotation: 2 runed translucent doors, lyrin's ghost, amateur DDIE
There is a stone staircase leading up here.
The leopard gecko barely misses you. The leopard gecko bites you.
The leopard gecko bites you. x2
* * * LOW HITPOINT WARNING * * *
The ogre hits you with a +0 giant club!
You die...

≈.≈# ,,, , ...........+,,....,*
.### * #######.#### ... * #.# ,,,
#.# * #.# # ###*
,..######.#######'#.# ,
..#######, .......#........[..#
.....)..#########.............##.
..#####.#.....<.#................
..#............l#..#.....#######.
......#.#......O@...##.........
#...........#.#####.##.########
....#.#....#......#....#
###.#...............#####
......#....#.##.........#
....#.#......##.........#
.####.#.................#
......#......)..####....#
.######.........# #....#


You could see an ogre and a leopard gecko.

Vanquished Creatures
  4 adders (D:2)
  A gnoll (D:3)
  A dart slug (D:2)
  A leopard gecko (D:1)
  2 orcs (D:3)
  2 ball pythons (D:2)
  6 bats
  6 giant cockroaches
  2 goblins
  7 hobgoblins
  2 jackals (D:2)
  11 kobolds
  3 frilled lizards
  9 rats
57 creatures vanquished.

Notes
Turn   | Place    | Note
-------+----------+-------------------------------------------
     0 | D:1      | brinewave the Deep Dwarf Ice Elementalist began the quest
                  | for the Orb.
     0 | D:1      | Reached XP level 1. HP: 15/15 MP: 3/3
   228 | D:1      | Reached XP level 2. HP: 8/22 MP: 5/5
   792 | D:1      | Reached skill level 1 in Fighting
   792 | D:1      | Reached skill level 1 in Short Blades
   886 | D:1      | Reached XP level 3. HP: 24/31 MP: 5/5
  1167 | D:2      | Reached XP level 4. HP: 11/39 MP: 6/6
  1651 | D:3      | Found a large runed translucent door.
  1651 | D:3      | Found a large runed translucent door.
  1799 | D:3      | Noticed lyrin's ghost (amateur DDIE)
  1880 | D:3      | Noticed an ogre
  1898 | D:3      | Mangled by an ogre

Illustrated notes

Levels and vault maps discovered:
D:1:      evilmike_arrival_crescent, layout_loops_ring
D:2:      layout_basic, first_ration, hex_large
D:3:      layout_basic, ebering_ghost_disaster_area, uniq_crazy_yiuf_cottage,
          uniq_natasha

Skill      XL: |  1  2  3  4 |
---------------+-------------+-----
Spellcasting   | 2 |  2.1
Fighting       | 1 2 |  2.2
Short Blades   | 1 2 |  2.2
Dodging        | |  2.1
Stealth        | |  2.4
Ice Magic      | |  3.8

Action                   |  1- 3 |  4- 6 || total
-------------------------+-------+-------++-------
Melee: Unarmed           |    87 |       ||    87
       Short sword       |    88 |    97 ||   185
       Dagger            |    29 |       ||    29
Throw: Stone             |     5 |     7 ||    12
 Abil: Heal Wounds       |     2 |     2 ||     4
  Use: Potion            |     1 |       ||     1
       Scroll            |     3 |     2 ||     5
 Stab: Sleeping          |     7 |     2 ||     9
  Eat: Ration            |     1 |       ||     1
Armor: Robe              |    36 |    22 ||    58
       Leather armour    |     7 |       ||     7
Dodge: Dodged            |   115 |    62 ||   177
Block: Other             |       |     3 ||     3

Table legend:
 A = Non-vault XP
 B = Vault XP
 C = Vault XP percentage of total XP
 D = Non-vault monster count
 E = Vault monster count
 F = Vault count percentage of total count
                 A         B        C        D         E       F
            +---------+---------+-------+---------+---------+-------
      Total |     152 |       0 |   0.0 |      57 |       0 |   0.0
            +---------+---------+-------+---------+---------+-------
        D:1 |      45 |       0 |   0.0 |      28 |       0 |   0.0
        D:2 |      80 |       0 |   0.0 |      21 |       0 |   0.0
        D:3 |      27 |       0 |   0.0 |       8 |       0 |   0.0
            +---------+---------+-------+---------+---------+-------
